 Dungeon Crawl Stone Soup version 0.30-a0-723-gc1506a1cf0 (webtiles) character file.

Game seed: 7165313184643165550

199737 PyroL the Wrestler (level 18, -3/174 HPs)
             Began as a Troll Fighter on Jan 28, 2023.
             Was a High Priest of Okawaru.
             Slain by an emperor scorpion (4 damage)
             ... on level 4 of the Spider Nest.
             The game lasted 01:23:58 (31877 turns).

PyroL the Wrestler (Troll Fighter)                 Turns: 31877, Time: 01:23:58

Health: -3/174     AC: 30    Str: 39 (41) XL:     18   Next: 25%
Magic:  1/15       EV:  8    Int:  6 (8)  God:    Okawaru [*****.]
Gold:   3228       SH:  9    Dex: 10 (11) Spells: 17/17 levels left

rFire   + + .      SeeInvis .      - Unarmed
rCold   + . .      Faith    .    a - +0 kite shield {reflect}
rNeg    . . .      Spirit   .    k - +1 gold dragon scales of Altruism {+Blink rPois rF+ rC+ MP-9 Slay+3}
rPois   +          Reflect  +    i - +2 hat
rElec   .          Harm     .    R - +2 cloak {rPois}
rCorr   .          Rampage  .    (gloves unavailable)
Will    +....                    (boots unavailable) Stlth
                                 y - amulet of regeneration
HPRegen 2.09/turn                L - +6 ring of strength
MPRegen 0.14/turn                E - ring of Tension {rF+ Int+4 Dex+2}

@: about to teleport, heroic, studying Dodging
A: large, unfitting armour, claws 3, regeneration 1, shaggy fur 1, tough skin 1
a: Renounce Religion, Evoke Blink, Heroism, Finesse, Duel


You were on level 4 of the Spider Nest.
You worshipped Okawaru.
Okawaru was extremely pleased with you.
You visited 6 branches of the dungeon, and saw 31 of its levels.
You visited 1 bazaar.
You also visited: Sewer, Ossuary and Ice Cave.

You collected 4560 gold pieces.
You spent 1332 gold pieces at shops.

Inventory:

Hand Weapons
 b - the +8 trishula "Condemnation" {holy, anguish, *Noise Fly rN+}
   (You found it on level 2 of the Spider Nest)

   rN:        It protects you from negative energy.
   Fly:       It grants you flight.
   *Noise:    It may make noises in combat.
 s - the +7 morningstar of Distant Shores {flame, rPois rC- rCorr Stlth-}
   (You bought it in a shop in a bazaar)

   rC:        It makes you vulnerable to cold.
   rPois:     It protects you from poison.
   rCorr:     It protects you from acid and corrosion.
   Stlth:     It makes you less stealthy.
 T - the +1 triple sword of Valour {flame, Will+ Int+3}
   (Okawaru gifted it to you on level 4 of the Spider Nest)

   Int:       It affects your intelligence (+3).
   Will:      It increases your willpower.
Missiles
 A - 17 curare-tipped darts
 B - 5 silver javelins
 H - 29 poisoned darts (quivered)
 S - 16 atropa-tipped darts
Armour
 a - a +0 kite shield of reflection (worn)
 i - a +2 hat (worn)
 k - the +1 gold dragon scales of Altruism (worn) {+Blink rPois rF+ rC+ MP-9 Slay+3}
   (You acquired it on level 9 of the Dungeon)

   Slay:      It affects your accuracy & damage with ranged weapons and melee
   (+3).
   rF:        It protects you from fire.
   rC:        It protects you from cold.
   rPois:     It protects you from poison.
   MP:        It affects your magic capacity (-9).
   +Blink:    It lets you blink.
 R - a +2 cloak of poison resistance (worn)
Jewellery
 y - an amulet of regeneration (around neck)
 D - a +4 ring of protection
 E - the ring of Tension (right claw) {rF+ Int+4 Dex+2}
   (You found it on level 6 of the Dungeon)

   [ring of protection from fire]

   Int:       It affects your intelligence (+4).
   Dex:       It affects your dexterity (+2).
   rF:        It protects you from fire.
 L - a +6 ring of strength (left claw)
 Q - a ring of willpower
 X - a +6 ring of strength
Wands
 w - a wand of roots (30)
 F - a wand of paralysis (54)
 G - a wand of flame (54)
 M - a wand of digging (8)
 O - a wand of mindburst (36)
 U - a wand of light (12)
Scrolls
 g - 14 scrolls of teleportation
 j - 17 scrolls of identify
 n - 5 scrolls of blinking
 q - 5 scrolls of fog
 r - 11 scrolls of poison
 t - a scroll of amnesia
 u - 5 scrolls of immolation
 v - 3 scrolls of magic mapping
 x - 2 scrolls of torment
 K - 4 scrolls of silence
 N - 3 scrolls of vulnerability
 Z - 2 scrolls of fear
Potions
 c - 10 potions of might
 d - 7 potions of ambrosia
 e - 9 potions of curing
 f - 5 potions of lignification
 h - a potion of resistance
 l - 7 potions of heal wounds
 m - 4 potions of invisibility
 o - 4 potions of brilliance
 p - 5 potions of haste
 C - 5 potions of berserk rage
 I - 7 potions of attraction
 J - 3 potions of cancellation
 P - 4 potions of mutation
 Y - 8 potions of flight
Miscellaneous
 z - a phial of floods
 V - a tin of tremorstones (2/2)
 W - a lightning rod (4/4)


   Skills:
 - Level 10.0(15.0) Fighting
 - Level 10.7(15.7) Throwing
 + Level 13.2(18.2) Armour
 + Level 8.8(13.8) Dodging
 - Level 2.6(7.6) Shields
 - Level 22.0(27) Unarmed Combat
 - Level 10.0 Invocations


You had 17 spell levels left.
You didn't know any spells.
Your spell library contained the following spells:

 Spells                   Type           Power      Damage    Failure   Level
 Beastly Appendage        Tmut           0%         N/A       100%        1
 Freeze                   Ice            0%         1d3       100%        1
 Magic Dart               Conj           0%         1d3       100%        1
 Sandblast                Erth           0%         2d4       100%        1
 Cigotuvi's Dreadful Rot  Necr/Pois/Air  0%         N/A       100%        2
 Passwall                 Tmut/Erth      0%         N/A       100%        2
 Wereblood                Tmut           0%         N/A       100%        2
 Dazzling Flash           Conj/Hex       0%         N/A       100%        3
 Frozen Ramparts          Ice            0%         1d1       100%        3
 Hailstorm                Conj/Ice       0%         3d3       100%        3
 Inner Flame              Hex/Fire       0%         N/A       100%        3
 Mephitic Cloud           Conj/Pois/Air  0%         N/A       100%        3
 Spider Form              Tmut/Pois      0%         N/A       100%        3
 Stone Arrow              Conj/Erth      0%         3d7       100%        3
 Cause Fear               Hex            0%         N/A       100%        4
 Dispel Undead            Necr           0%         3d6       100%        4
 Flame Wave               Conj/Fire      0%         2d4       100%        4
 Ice Form                 Ice/Tmut       0%         N/A       100%        4
 Iskenderun's Mystic Bla  Conj/Tloc      0%         2d3       100%        4
 Leda's Liquefaction      Hex/Erth       0%         N/A       100%        4
 Manifold Assault         Tloc           0%         N/A       100%        4
 Passage of Golubria      Tloc           0%         N/A       100%        4
 Sticky Flame             Conj/Fire      0%         2d3       100%        4
 Yara's Violent Unravell  Hex/Tmut       0%         3d3       100%        5
 Dispersal                Tloc           0%         N/A       100%        6
 Starburst                Conj/Fire      0%         6d3       100%        6
 Enfeeble                 Hex            0%         N/A       100%        7
 Discord                  Hex            0%         N/A       100%        8
 Disjunction              Tloc           0%         N/A       100%        8
 Lehudib's Crystal Spear  Conj/Erth      0%         10d2      100%        8
 Call Imp                 Summ           Unusable   N/A       N/A         2
 Call Canine Familiar     Summ           Unusable   N/A       N/A         3
 Tukima's Dance           Hex            Unusable   N/A       N/A         3
 Death Channel            Necr           Unusable   N/A       N/A         6
 Simulacrum               Ice/Necr       Unusable   N/A       N/A         6

Dungeon Overview and Level Annotations

Branches:
Dungeon (15/15) Temple (0/1) D:6 Lair (5/5) D:8 Swamp (4/4) Lair:3 Spider (4/4) Lair:3 Slime (1/5) Lair:4 Orc (2/2) D:9 Elf (0/3) Orc:2 Vaults (0/5) D:12 D:13 Depths (0/4) D:15 Sewer (visited) Ossuary (visited) IceCv (visited)

Altars:
Fedhas
Makhleb
Nemelex Xobeh
Okawaru
Uskayaw
Vehumet
Wu Jian
Zin
The Shining One
Jiyva

Shops:
D:8 [   Orc:2 *:[(

Annotations:
Swamp:1 2 transporters
Spider:2 2 transporters, arthad's ghost, journeyman FeSu


Innate Abilities, Weirdness & Mutations

You are too large for most types of armour.
You have claws for hands.
Your natural rate of healing is unusually fast.
You are covered in fur. (AC +1)
You have tough skin. (AC +1)


Message History

The emperor scorpion stings you but does no damage.
You block the emperor scorpion's attack.
The emperor scorpion claws you but does no damage.
You feel better.
The hornet stings you but does no damage.
You feel you are being watched by something.
Something hits you but does no damage. x2
Something stings you but does no damage.
You block the emperor scorpion's attack.
The emperor scorpion claws you but does no damage.
The emperor scorpion closely misses you.
You block the hornet's attack.
You barely miss the emperor scorpion. Something hits you!
* * * LOW HITPOINT WARNING * * *
Something hits you but does no damage. Something stings you.
* * * LOW HITPOINT WARNING * * *
The hornet stings you but does no damage.
You claw the emperor scorpion!
The emperor scorpion is lightly wounded.
The emperor scorpion stings you but does no damage.
The emperor scorpion completely misses you.
The emperor scorpion claws you.
* * * LOW HITPOINT WARNING * * *
You completely miss the emperor scorpion.
The emperor scorpion is lightly wounded.
The hornet closely misses you. Something hits you but does no damage.
Something hits you.
* * * LOW HITPOINT WARNING * * *
Something stings you but does no damage.
The emperor scorpion stings you but does no damage.
You block the emperor scorpion's attack.
The emperor scorpion claws you but does no damage.
You eviscerate the emperor scorpion!!!
The emperor scorpion is heavily wounded.
The hornet barely misses you.
Something hits you but does no damage. x2
Something stings you but does no damage.
The emperor scorpion stings you!
* * * LOW HITPOINT WARNING * * *
The emperor scorpion claws you.
You die...

##### ### ###~^.#
###~~#######....~#####
#...~~~#....~..~...~^###
#..~††~...##..##.....^######
##^##(...###.y##..#...^#~~~##
# #...~## #@{.#####~...~~~~~
#...~# ##s^# #~...†##~.
##^..## #''# ##.^..~###
##~.~## .##!! ###~..###
#^..#### .y [.!# ##...^#
#...#..#


yyy !!+ #..... ###..~†~.##### ### ####~.^. ##~~[~~~~.############ #.^~~~..
#^...##..###~...##~..###..^###~ You could see an emperor scorpion and a hornet.

Vanquished Creatures
  Saint Roka (Arena)
  2 thorn hunters (Swamp:3)
  Donald (Swamp:2)
  The ghost of nucleargodhead the Warrior, a journeyman MiBe of Trog (Swamp:1)
  2 fenstrider witches
  2 emperor scorpions
  4 ghost moths
  3 frost giants (IceCv)
  A stone giant (D:15)
  A broodmother (Spider:4)
  Nessos (Arena)
  6 eleionomae
  A white draconian (IceCv)
  4 bunyips
  4 spark wasps (Spider:4)
  Snorg (D:14)
  Josephine (D:14)
  2 entropy weavers (Spider:3)
  2 radroaches
  5 ice dragons (IceCv)
  3 ogre magi
  A ghost crab (Swamp:3)
  8 hydras
  8 ironbound frosthearts (IceCv)
  A catoblepas (D:13)
  4 centaur warriors
  5 boulder beetles
  17 two-headed ogres
  8 alligators
  7 tengu warriors
  6 death yaks (Lair:5)
  The ghost of IdlyInterested the Basher, a novice DsGl (D:9)
  Sonja (Arena)
  Urug (D:13)
  An orc high priest (Orc:2)
  A sun moth (Spider:1)
  3 goliath frogs
  7 pharaoh ants
  3 skeletal warriors (D:13)
  Lodul (D:12)
  4 swamp dragons
  An orange crystal statue (IceCv)
  2 spriggan druids
  10 orb spiders
  4 spriggan simulacra (D:14)
  6 bog bodies
  A lindwurm (shapeshifter) (D:14)
  2 wizards
  8 steelbarb worms
  8 orc knights
  An oklob plant (Lair:4)
  14 wolf spiders
  26 ugly things
  7 will-o-the-wisps
  4 orc sorcerers
  8 cyclopes
  4 manticores
  4 moths of wrath
  Maurice (Orc:1)
  7 elephants
  6 demonic crawlers
  6 black mambas
  A guardian serpent (shapeshifter) (D:13)
  2 gargoyles
  3 cane toads
  A torpor snail (Spider:4)
  An anaconda simulacrum (D:14)
  11 rime drakes
  13 komodo dragons
  A freezing wraith (D:15)
  A yaktaur (D:15)
  A kobold demonologist (D:10)
  7 trolls
  19 polar bears
  A bloated husk (Swamp:3)
  A queen bee (Lair:3)
  8 tyrant leeches
  20 tarantellas
  16 hornets
  2 dream sheep (Lair:5)
  4 blink frogs (Lair:1)
  28 jumping spiders
  5 slime creatures
  5 wraiths
  A culicivora (shapeshifter) (D:14)
  18 spriggans
  19 culicivoras
  A centaur simulacrum (D:15)
  2 shadows
  59 yaks
  18 humans
  3 wyverns
  19 vampire mosquitoes
  4 basilisks
  A harpy simulacrum (D:14)
  57 redbacks
  14 swamp worms
  A warg (Orc:2)
  An acid dragon (D:11)
  16 water moccasins
  Duvessa (D:4)
  Pargi (Sewer)
  2 swamp drakes
  33 orc warriors
  An ice beast (D:6)
  5 black bears
  20 ogres
  5 boggarts (Lair:5)
  13 centaurs
  23 wolves
  2 phantoms
  2 kobold brigands
  8 bullfrogs
  A scorpion (D:8)
  2 deep troll simulacra (D:14)
  13 wights
  Dowan (D:4)
  3 troll zombies (D:9)
  33 killer bees
  3 howler monkeys
  An electric eel (Spider:4)
  3 hounds
  4 human zombies (Ossuary)
  7 jellies
  23 orc priests
  6 iguanas
  39 orc wizards
  Natasha (twice) (D:3)
  7 hell rats (Lair:5)
  5 ogre zombies (D:9)
  5 mummies
  7 gnolls
  5 adders
  A river rat (D:5)
  A white imp (D:6)
  2 ufetubi (D:4)
  3 worms
  3 dart slugs (D:2)
  95 orcs
  6 endoplasms
  3 giant cockroaches
  2 gnoll zombies (Ossuary)
  17 goblins
  8 hobgoblins
  7 jackals
  13 kobolds
  3 quokkas
  9 ball pythons
  11 bats
  A frilled lizard (D:3)
  2 goblin skeletons (D:9)
  2 goblin zombies (D:9)
  2 hobgoblin skeletons (D:9)
  2 hobgoblin zombies (D:9)
  2 jackal zombies (Ossuary)
  2 kobold zombies (Ossuary)
  5 orc skeletons (D:9)
  12 orc zombies (D:9)
  11 rats
  2 rat zombies (Ossuary)
1164 creatures vanquished.

Vanquished Creatures (others)
  2 bloated husks
  A jumping spider (Spider:1)
  A redback (Spider:1)
  A human (D:13)
  An orc wizard (D:11)
  3 briar patches (Swamp:3)
  24 foxfires
  66 fungi
  58 plants
157 creatures vanquished.

Grand Total: 1321 creatures vanquished

Notes
Turn   | Place    | Note
-------+----------+-------------------------------------------
     0 | D:1      | PyroL the Troll Fighter began the quest for the Orb.
     0 | D:1      | Reached XP level 1. HP: 22/22 MP: 0/0
   176 | D:1      | Reached XP level 2. HP: 29/29 MP: 1/1
   413 | D:1      | Reached skill level 3 in Unarmed Combat
   804 | D:2      | Reached XP level 3. HP: 36/36 MP: 2/2
   810 | D:2      | Identified the +1 chain mail of the Lobster {rN+}
   963 | D:2      | Reached XP level 4. HP: 45/45 MP: 3/3
  1000 | D:2      | You fall into a shaft and drop 2 floors!
  1025 | D:4      | Reached skill level 4 in Unarmed Combat
  1043 | D:4      | Reached XP level 5. HP: 44/53 MP: 4/4
  1087 | D:4      | Noticed Dowan
  1088 | D:4      | Noticed Duvessa
  1122 | D:4      | Killed Dowan
  1123 | D:4      | Reached skill level 5 in Unarmed Combat
  1231 | D:4      | Reached XP level 6. HP: 49/62 MP: 5/5
  1866 | D:3      | Reached skill level 6 in Unarmed Combat
  1987 | D:3      | Reached XP level 7. HP: 54/70 MP: 6/6
  2081 | D:3      | Found a faded altar of an unknown god.
  2197 | D:3      | Noticed Natasha
  2208 | D:3      | Killed Natasha
  2393 | D:3      | Found an iron altar of Okawaru.
  2393 | D:3      | Found a sparkling altar of Nemelex Xobeh.
  2394 | D:3      | Found a radiant altar of Vehumet.
  2460 | D:3      | Became a worshipper of Warmaster Okawaru
  2636 | D:3      | Noticed Natasha
  2641 | D:3      | Killed Natasha
  2741 | D:4      | Found a burning altar of Makhleb.
  2768 | D:4      | Found a hide-covered altar of Uskayaw.
  2784 | D:4      | Reached skill level 7 in Unarmed Combat
  2821 | D:4      | Killed Duvessa
  2921 | D:5      | Entered Level 5 of the Dungeon
  3050 | D:5      | Reached * piety under Okawaru
  3083 | D:5      | Identified the +1 robe of Sunlight {+Inv Will+ Slay-4}
  3129 | D:5      | Reached skill level 5 in Fighting
  3134 | D:5      | Reached skill level 8 in Unarmed Combat
  3134 | D:5      | Reached XP level 8. HP: 6/80 MP: 7/7
  3570 | D:5      | Found a glowing drain.
  3577 | Sewer    | Entered a sewer
  3607 | Sewer    | Noticed Pargi
  3615 | Sewer    | Killed Pargi
  3876 | D:6      | Found a staircase to the Ecumenical Temple.
  3900 | D:6      | Reached skill level 9 in Unarmed Combat
  3902 | D:6      | Identified the ring of Tension {rF+ Int+4 Dex+2}
  3932 | D:6      | Found a blossoming altar of Fedhas.
  3942 | D:6      | Reached ** piety under Okawaru
  3960 | D:6      | Found a sand-covered staircase.
  3969 | Ossuary  | Entered an ossuary
  4359 | D:6      | Reached XP level 9. HP: 84/89 MP: 8/8
  4365 | D:6      | Reached skill level 10 in Unarmed Combat
  4560 | D:6      | Found a glowing golden altar of the Shining One.
  4662 | D:6      | Found a glowing silver altar of Zin.
  5239 | D:7      | Reached *** piety under Okawaru
  5774 | D:8      | Reached skill level 5 in Dodging
  5775 | D:8      | Noticed a komodo dragon
  5782 | D:8      | Reached skill level 1 in Invocations
  5878 | D:8      | Killed a komodo dragon
  5942 | D:8      | Noticed a komodo dragon
  5954 | D:8      | Killed a komodo dragon
  5955 | D:8      | Reached XP level 10. HP: 100/100 MP: 8/12
  6087 | D:7      | Reached skill level 5 in Invocations
  6328 | D:7      | Reached **** piety under Okawaru
  6482 | D:8      | Found a staircase to the Lair.
  6621 | D:8      | Found Wavapp's Antique Armour Shop.
  6627 | D:8      | Paralysed by a hornet for 2 turns
  6632 | D:8      | Paralysed by a hornet for 2 turns
  6793 | D:8      | Bought a glowing cloak for 202 gold pieces
  7041 | D:9      | Found a runed translucent gate.
  7041 | D:9      | Found a runed translucent gate.
  7042 | D:9      | Found a runed translucent gate.
  7045 | D:9      | Found a viscous altar of Jiyva.
  7045 | D:9      | Noticed IdlyInterested's ghost (novice DsGl)
  7079 | D:9      | Noticed a lindwurm
  7109 | D:9      | Noticed a lindwurm
  7156 | D:9      | Noticed a lindwurm
  7213 | D:9      | Noticed a lindwurm
  7252 | D:9      | Found a staircase to the Orcish Mines.
  7382 | D:9      | Noticed a two-headed ogre
  7392 | D:8      | Killed a two-headed ogre
  7427 | D:9      | Reached ***** piety under Okawaru
  7760 | D:9      | Identified 2 scrolls of acquirement
  7760 | D:9      | Acquired the +1 gold dragon scales of Altruism {+Blink
                  | rPois rF+ rC+ MP-9 Slay+3}
  7952 | D:10     | Entered Level 10 of the Dungeon
  8095 | D:10     | Acquired 988 gold pieces
  8193 | D:10     | Reached XP level 11. HP: 107/107 MP: 7/16
  9056 | D:11     | Reached skill level 11 in Unarmed Combat
  9145 | D:11     | Got Sif Muna's Cyclopedia of the Heavy Legion
  9550 | D:12     | Reached skill level 1 in Armour
  9589 | D:12     | Reached skill level 10 in Invocations
  9888 | D:11     | Received a gift from Okawaru
  9928 | Arena    | Entered the Arena
 10019 | D:11     | Received a gift from Okawaru
 10033 | D:12     | Noticed Sonja
 10218 | D:12     | Reached skill level 5 in Armour
 10362 | Orc:1    | Entered Level 1 of the Orcish Mines
 10443 | Orc:2    | Entered Level 2 of the Orcish Mines
 10529 | Orc:2    | Noticed an orc sorcerer
 10559 | Orc:2    | Killed an orc sorcerer
 10602 | Orc:2    | Noticed an orc knight
 10607 | Arena    | Entered the Arena
 10617 | Arena    | Killed an orc knight
 10639 | Orc:2    | Noticed an orc high priest
 10650 | Orc:2    | Killed an orc high priest
 10707 | Orc:2    | Noticed Maurice
 10716 | Orc:2    | Noticed an orc knight
 10749 | Orc:1    | Killed Maurice
 10750 | Orc:1    | Reached XP level 12. HP: 104/115 MP: 9/18
 10756 | Orc:1    | Reached skill level 12 in Unarmed Combat
 11057 | Arena    | Entered the Arena
 11186 | Orc:2    | Found a staircase to the Elven Halls.
 11288 | Orc:2    | Noticed Saint Roka
 11291 | Arena    | Entered the Arena
 11317 | Arena    | Killed Saint Roka
 11317 | Arena    | Received a gift from Okawaru
 11318 | Arena    | Reached skill level 13 in Unarmed Combat
 11357 | Orc:2    | Found a flickering gateway to a bazaar.
 11366 | Bazaar   | Entered a bazaar
 11366 | Bazaar   | Found Hanoucw's Antique Weapon Emporium.
 11385 | Bazaar   | Found Xaisetteph's Distillery.
 11393 | Bazaar   | Bought a potion of might for 28 gold pieces
 11393 | Bazaar   | Bought a potion of haste for 70 gold pieces
 11399 | Bazaar   | Found Heh Anust's Jewellery Emporium.
 11404 | Bazaar   | Found Kituomud's Assorted Antiques.
 11414 | Bazaar   | Found Cudi's Distillery.
 11422 | Bazaar   | Bought a potion of heal wounds for 50 gold pieces
 11422 | Bazaar   | Bought a potion of might for 40 gold pieces
 11455 | Bazaar   | Bought a smoking morningstar for 342 gold pieces
 11455 | Bazaar   | Identified the +7 morningstar of Distant Shores {flame,
                  | rPois rC- rCorr Stlth-} (You bought it in a shop in a
                  | bazaar)
 11503 | Orc:2    | Found Hiobisei's General Store.
 11525 | Orc:2    | Bought a potion of heal wounds for 60 gold pieces
 11533 | Orc:2    | Found Cados's Antique Armour Emporium.
 11608 | Orc:2    | Found Gongej's Antique Weapon Emporium.
 11615 | Orc:2    | Bought a crystal lajatang for 540 gold pieces
 11615 | Orc:2    | Identified the +4 lajatang of Focus {heavy, *Slow rElec
                  | rPois Str+2} (You bought it in a shop on level 2 of the
                  | Orcish Mines)
 11624 | Orc:2    | Found Inyfef's Book Emporium.
 12616 | D:9      | Killed IdlyInterested's ghost
 12774 | Lair:1   | Entered Level 1 of the Lair of Beasts
 12890 | Lair:1   | Reached XP level 13. HP: 122/122 MP: 7/19
 12895 | Lair:1   | Reached skill level 14 in Unarmed Combat
 13600 | Lair:2   | Reached skill level 1 in Throwing
 14805 | Lair:3   | Received a gift from Okawaru
 14874 | Lair:3   | Found a staircase to the Swamp.
 14881 | Lair:3   | Reached skill level 5 in Throwing
 14938 | Lair:3   | Identified the +0 storm dragon scales "Ofruf" {rElec rF+
                  | rCorr} (Okawaru gifted it to you on level 3 of the Lair of
                  | Beasts)
 14938 | Lair:3   | Received a gift from Okawaru
 15135 | Lair:3   | Found a hole to the Spider Nest.
 15837 | Lair:4   | Found a staircase to the Slime Pits.
 15838 | Lair:4   | Found a viscous altar of Jiyva.
 15881 | Lair:4   | You fall into a shaft and drop 1 floor!
 15881 | Lair:5   | Entered Level 5 of the Lair of Beasts
 16065 | Lair:5   | Reached XP level 14. HP: 140/140 MP: 8/20
 16446 | Lair:5   | Received a gift from Okawaru
 16447 | Lair:5   | Reached skill level 10 in Fighting
 17322 | Slime:1  | Entered Level 1 of the Pits of Slime
 17889 | Arena    | Entered the Arena
 17893 | Arena    | Killed Sonja
 18019 | D:12     | Noticed Lodul
 18024 | D:12     | Killed Lodul
 18316 | D:13     | Noticed Nessos
 18316 | D:13     | Noticed Urug
 18316 | D:13     | Found a gate to the Vaults.
 18317 | D:13     | Upgraded the game from 0.30-a0-722-g3e6e8c874d to
                  | 0.30-a0-723-gc1506a1cf0
 18323 | D:13     | Reached skill level 10 in Throwing
 18427 | D:12     | Identified the +5 robe "Vymushra" {rC+} (Okawaru gifted it
                  | to you on level 12 of the Dungeon)
 18427 | D:12     | Received a gift from Okawaru
 18827 | Arena    | Entered the Arena
 18838 | Arena    | Killed Nessos
 18853 | D:13     | Killed Urug
 19416 | D:13     | Reached skill level 15 in Unarmed Combat
 19824 | D:14     | Reached XP level 15. HP: 135/149 MP: 12/21
 19864 | D:14     | Noticed Snorg
 19878 | D:14     | Killed Snorg
 19979 | D:14     | Noticed Josephine
 19991 | D:14     | Killed Josephine
 20076 | D:14     | Received a gift from Okawaru
 20077 | D:14     | Reached skill level 16 in Unarmed Combat
 20096 | D:14     | Received a gift from Okawaru
 20199 | D:14     | Found a frozen archway.
 20260 | IceCv    | Entered an ice cave
 20270 | IceCv    | Received a gift from Okawaru
 20335 | IceCv    | Reached skill level 17 in Unarmed Combat
 20378 | IceCv    | Received a gift from Okawaru
 20425 | IceCv    | Received a gift from Okawaru
 20442 | IceCv    | Received a gift from Okawaru
 20831 | IceCv    | Noticed a frost giant
 20831 | IceCv    | Noticed a frost giant
 20832 | IceCv    | Noticed a frost giant
 20847 | IceCv    | Reached skill level 18 in Unarmed Combat
 20853 | IceCv    | Killed a frost giant
 20860 | IceCv    | Killed a frost giant
 20864 | IceCv    | Killed a frost giant
 21434 | D:14     | Found an ornate altar of the Wu Jian Council.
 21503 | D:15     | Entered Level 15 of the Dungeon
 21512 | D:15     | Reached XP level 16. HP: 158/158 MP: 13/22
 21743 | D:15     | Reached skill level 19 in Unarmed Combat
 21859 | D:15     | Received a gift from Okawaru
 22286 | D:15     | Received a gift from Okawaru
 22925 | D:15     | Identified the +1 robe "Esuzxan" {+Blink rCorr Int+4
                  | Archmagi} (Okawaru gifted it to you on level 15 of the
                  | Dungeon)
 22925 | D:15     | Received a gift from Okawaru
 22957 | D:15     | Reached skill level 20 in Unarmed Combat
 22979 | D:15     | Found a staircase to the Depths.
 23276 | Swamp:1  | Entered Level 1 of the Swamp
 23400 | Arena    | Entered the Arena
 23560 | Swamp:1  | Found a transporter.
 23636 | Swamp:1  | Acquired a manual of Dodging
 23740 | Swamp:1  | Found a runed translucent gate.
 23740 | Swamp:1  | Found a runed translucent gate.
 23740 | Swamp:1  | Found a runed translucent gate.
 23740 | Swamp:1  | Noticed nucleargodhead's ghost (journeyman MiBe)
 23759 | Swamp:1  | Killed nucleargodhead's ghost
 23851 | Swamp:1  | Found a transporter.
 24337 | Swamp:2  | Noticed Donald
 24360 | Swamp:2  | Killed Donald
 24587 | Swamp:2  | Reached skill level 21 in Unarmed Combat
 24999 | Swamp:3  | Noticed a thorn hunter
 25221 | Swamp:3  | Received a gift from Okawaru
 25312 | Swamp:3  | Paralysed by a fenstrider witch for 3 turns
 25658 | Swamp:3  | Killed a thorn hunter
 25821 | Swamp:3  | Reached XP level 17. HP: 164/166 MP: 14/23
 25897 | Swamp:4  | Entered Level 4 of the Swamp
 25982 | Swamp:4  | Reached skill level 10 in Armour
 26499 | Spider:1 | Entered Level 1 of the Spider Nest
 26856 | Spider:1 | Received a gift from Okawaru
 27896 | Spider:2 | Reached skill level 22 in Unarmed Combat
 28119 | Spider:2 | Received a gift from Okawaru
 28250 | Spider:2 | Found a transporter.
 28354 | Spider:2 | Found a transporter.
 28357 | Spider:2 | Noticed arthad's ghost (journeyman FeSu)
 28373 | Spider:2 | Found the +8 trishula "Condemnation" {holy, anguish, *Noise
                  | Fly rN+}
 29254 | Spider:3 | Received a gift from Okawaru
 29763 | Spider:3 | Received a gift from Okawaru
 30424 | Spider:4 | Entered Level 4 of the Spider Nest
 31132 | Spider:4 | Reached XP level 18. HP: 134/174 MP: 15/24
 31434 | Spider:4 | Received a gift from Okawaru
 31743 | Spider:4 | Identified the +1 triple sword of Valour {flame, Will+
                  | Int+3} (Okawaru gifted it to you on level 4 of the Spider
                  | Nest)
 31743 | Spider:4 | Received a gift from Okawaru
 31860 | Spider:4 | Paralysed by a hornet for 2 turns
 31877 | Spider:4 | HP: 1/174 [emperor scorpion (9)]
 31877 | Spider:4 | Slain by an emperor scorpion

Illustrated notes

Levels and vault maps discovered:
D:1:      onia_arrival_pyramid, layout_basic
D:2:      layout_basic, minmay_misc_feat_tower, minmay_circle_x
D:3:      layout_loops_ring, gammafunk_temple_overflow_forgotten,
          hellmonk_ecumenical_altar_lost_god, minmay_ogre_servants, uniq_natasha
D:4:      layout_rooms, grunt_temple_overflow_open, uniq_duvessa
D:5:      layout_loops_ring, portal_sewer_entry_e
D:6:      layout_rooms, mainiacjoe_overflow_brackets, zin_academy, tso_altar,
          minmay_temple_entry_mini_moons, gup_ossuary_entry_pyramid,
          feat_on_display
D:7:      statuecave_lemuel, layout_loops_corners, minmay_misc_feat_rows
D:8:      layout_rooms, due_lair_maze_entry_diamond, serial_shops,
          nicolae_square_shop
D:9:      layout_roguey, zombieorc2_lemuel, gammafunk_ghost_ooze,
          corner_web_ring, minmay_lindwurm_lava
D:10:     layout_roguey
D:11:     layout_basic
D:12:     layout_rooms, blue_anna_alchemist, uniq_lodul, uniq_sonja
D:13:     layout_irregular_city, david_vaults_3, serial_rivers,
          chequers_serial_rivers_small_b, chequers_serial_rivers_large_b,
          chequers_serial_rivers_room_b, chequers_serial_rivers_room_a,
          chequers_serial_rivers_small_b, gauntlet_entry_generic,
          corexii_leaking_fountain, hangedman_decor_diamond_cutter,
          kennysheep_doodads, uniq_urug
D:14:     layout_roguey, portal_ice_cave_entry_ice_simulacra,
          pdpol_wu_jian_five_deadly_venoms, grunt_ministairs_7, uniq_snorg,
          uniq_josephine
D:15:     grunt_enter_depths_snipers, layout_basic
Lair:1:   layout_hall_layers, lemuel_old_faithful
Lair:2:   layout_cave_pods, grunt_megastairs_1
Lair:3:   layout_cave_pods, skrybe_swamp_entry_bodies, dummy_spider_entry,
          special_room [special_room_bee], eino_small_chamber_without_monster
Lair:4:   layout_gridlike, minmay_slime_entry_oklob_open, serial_bayou_shore_b
Lair:5:   minmay_lair_end_enchanted_forest, layout_concentric_octagons,
          patterned_corridor, infiniplex_staircase_pool_2, lemuel_fruit_fields
Swamp:1:  gammafunk_worm_tunnel, layout_basic_swamp, ebering_ghost_rock_garden,
          evilmike_swamp_ruin_rubble_2
Swamp:2:  layout_falls_marsh, evilmike_swamp_ruin_house_2, uniq_donald
Swamp:3:  layout_basic_swamp, evilmike_swamp_ruin_house_6
Swamp:4:  swamp_alternative, layout_basic_swamp
Spider:1: layout_chambers
Spider:2: layout_chambers, gammafunk_ghost_arena,
          hangedman_spider_tarantella_strand
Spider:3: layout_spider_delve, nicolae_spider_nooks_and_crannies
Spider:4: spider_rune_water, uniq_arachne
Slime:1:  layout_caves, cheibrodos_slime_lost_civilization_7
Orc:1:    layout_diamond_mine
Orc:2:    grunt_orc_cross, layout_caves, serial_shops, bzr_entry_customers,
          uniq_maurice

Skill      XL: |  1  2  3  4  5  6  7  8  9 10 11 12 13 14 15 16 17 18 |
---------------+-------------------------------------------------------+-----
Unarmed Combat | 3 4 5 6 8 9 10 11 13 14 15 18 21 22 | 22.0
Fighting       | 3 4 5 6 9 10 | 10.0
Dodging        | 5 6 8 |  8.8
Invocations    | 4 9 10 | 10.0
Armour         | 6 9 12 13 | 13.2
Throwing       | 6 10 | 10.7
Shields        | |  2.6

Action                     |  1- 3 |  4- 6 |  7- 9 | 10-12 | 13-15 | 16-18 || total
---------------------------+-------+-------+-------+-------+-------+-------++-------
  Melee: Unarmed           |    87 |   160 |   418 |   872 |  1099 |  1003 ||  3639
         Morningstar       |       |       |       |    13 |    28 |    66 ||   107
  Throw: Dart              |       |       |       |       |     5 |     6 ||    11
         Javelin           |       |       |       |       |       |     2 ||     2
 Invoke: Heroism           |       |       |     2 |     7 |    18 |    14 ||    41
         Duel              |       |       |       |     4 |     2 |     1 ||     7
         Finesse           |       |       |       |     1 |     3 |     2 ||     6
  Evoke: Wand              |       |       |       |     1 |       |       ||     1
    Use: Scroll            |     2 |     4 |     1 |    18 |     4 |     7 ||    36
         Potion            |       |     1 |     4 |     2 |     2 |     3 ||    12
   Stab: Distracted        |       |       |       |       |       |     1 ||     1
 Armour: Robe              |    33 |    23 |   185 |    69 |       |       ||   310
         Gold dragon scale |       |       |       |   470 |   888 |  1104 ||  2462
  Dodge: Dodged            |    29 |    41 |   191 |   166 |   255 |   301 ||   983
  Block: Kite shield       |    39 |    35 |   198 |   361 |   486 |   429 ||  1548

Table legend: (Time is in decaauts)
 A = Elapsed time spent in this place.
 B = Non-inter-level travel time spent in this place.
 C = Inter-level travel time spent in this place.
 D = Time resting spent in this place.
 E = Time spent auto-exploring this place.
 F = Levels seen in this place.
 G = Mean time per level.
                   A        B        C        D        E       F      G
               +--------+--------+--------+--------+--------+-----+--------+
         Total |  31422 |  29283 |   2139 |   4123 |  17334 |  42 |  748.1 |
       Dungeon |  14662 |  13404 |   1258 |   1886 |   8019 |  15 |  977.5 |
          Lair |   5248 |   4753 |    495 |     53 |   3669 |   5 | 1049.6 |
         Swamp |   3031 |   2919 |    112 |    708 |   1400 |   4 |  757.8 |
   Spider Nest |   5116 |   4967 |    149 |    963 |   2893 |   4 | 1279.0 |
    Slime Pits |      1 |      1 |      0 |      0 |      0 |   1 |    1.0 |
  Orcish Mines |   1907 |   1785 |    122 |    207 |    800 |   2 |  953.5 |
        Bazaar |    103 |    103 |      0 |      0 |     50 |   1 |  103.0 |
         Sewer |     85 |     85 |      0 |      0 |     32 |   1 |   85.0 |
       Ossuary |    213 |    213 |      0 |      0 |    111 |   1 |  213.0 |
      Ice Cave |    858 |    858 |      0 |    204 |    360 |   1 |  858.0 |
         Arena |    191 |    191 |      0 |    100 |      0 |   7 |   27.3 |
               +--------+--------+--------+--------+--------+-----+--------+

Top non-repeatable levels by time:
Spider:3: 1725 daAuts
    D:11: 1546 daAuts
  Lair:5: 1403 daAuts
Spider:1: 1389 daAuts
     D:7: 1388 daAuts
    D:15: 1328 daAuts
  Lair:3: 1221 daAuts
   Orc:2: 1201 daAuts
Spider:2: 1196 daAuts
     D:9: 1177 daAuts
 Swamp:3: 1117 daAuts
    D:14: 1091 daAuts
    D:12: 1051 daAuts
  Lair:2: 1047 daAuts
     D:8: 944 daAuts
